 Dungeon Crawl Stone Soup version 0.22-a0-348-gd16d139 (webtiles) character file.

25 mortelune the Chiller (level 2, 0/19 HPs)
             Began as a Demonspawn Ice Elementalist on Apr 7, 2018.
             Killed from afar by a dart slug (4 damage)
             ... with a slug dart
             ... on level 1 of the Dungeon.
             The game lasted 00:02:16 (931 turns).

mortelune the Chiller (Demonspawn Ice Elementalist)  Turns: 931, Time: 00:02:17

Health: 0/19       AC:  2    Str:  8    XL:     2   Next: 86%
Magic:  0/5        EV: 12    Int: 16    God:
Gold:   55         SH:  0    Dex: 13    Spells: 2/5 levels left

rFire    . . .     SeeInvis .   e - -2 dagger (curse)
rCold    . . .     Gourm    .   (no shield)
rNeg     . . .     Faith    +   a - +0 robe
rPois    .         Spirit   .   (no helmet)
rElec    .         Reflect  .   (no cloak)
rCorr    .         Harm     .   (no gloves)
MR       .....                  (no boots)
Stlth    ++........             b - amulet of faith (curse)
HPRegen  0.06/turn              (no ring)
MPRegen  0.09/turn              (no ring)

@: very slightly contaminated
A: spiny 1
a: no special abilities


You were on level 1 of the Dungeon.
You were not hungry.

You visited 1 branch of the dungeon, and saw 1 of its levels.

You collected 55 gold pieces.

Inventory:

Hand Weapons
 e - a cursed -2 dagger (weapon)
Armour
 a - a +0 robe (worn)
Jewellery
 b - a cursed amulet of faith (around neck)
Scrolls
 d - a scroll of magic mapping {unknown}
Potions
 f - a potion of curing {unknown}
 g - 2 potions of agility {unknown}
Comestibles
 c - 3 rations


   Skills:
 + Level 2.3 Dodging
 - Level 1.7 Stealth
 + Level 2.4 Spellcasting
 - Level 1.0 Conjurations
 + Level 3.0 Ice Magic


You had 2 spell levels left.
You knew the following spells:

 Your Spells              Type           Power        Failure   Level  Hunger
a - Freeze                Ice            ##..         5%          1    #......
b - Throw Frost           Conj/Ice       #.....       13%         2    ###....


Dungeon Overview and Level Annotations

Branches:
Dungeon (1/15)

Altars:


Innate Abilities, Weirdness & Mutations

You are partially covered in sharp spines.


Message History

Aiming: Freeze (safe; 5% risk of failure)
Press: ? - help, Shift-Dir - straight line, f/p - dart slug
Aim: a dart slug (almost dead, clinging)
You miscast Freeze.
You are very lightly contaminated with residual magic.
Nothing appears to happen.
The dart slug launches a dart at you. The slug dart hits you!
Casting: Freeze (safe; 5% risk of failure)
Confirm with . or Enter, or press ? or * to list all spells.
You don't have enough magic to cast that spell.
Unknown command.
You hit the dart slug but do no damage.
The dart slug is almost dead.
The dart slug launches a dart at you. The slug dart hits you!
* * * LOW HITPOINT WARNING * * *
The dart slug launches a dart at you. The slug dart hits you!
You die...

##.##........##..##
######[......#######..##
#.................##..##
#.##.##.###.#####.##..#
#. #.##.# #.# #..#
#.##)##.# #.# #..#
#...†.#.###.# #######
#.....#...#.# ###...####
#.#....@..#.###.......##
#...#w#...#[##..........
#.#.#$#.....##....<....#
#...#[#......#.........#
#...#.#####.###...[...##
....... .# ###...####
##...#.. [ #########
##.##.. ###....#... #..#
#...#...##.


You could see a dart slug.

Vanquished Creatures
  An ooze (D:1)
  A leopard gecko (D:1)
  2 bats (D:1)
  A giant cockroach (D:1)
  3 goblins (D:1)
  2 hobgoblins (D:1)
  A jackal (D:1)
  A ball python (D:1)
  5 kobolds (D:1)
  2 rats (D:1)
19 creatures vanquished.

Notes
Turn   | Place    | Note
-------+----------+-------------------------------------------
     0 | D:1      | mortelune the Demonspawn Ice Elementalist began the quest for the Orb.
     0 | D:1      | Reached XP level 1. HP: 13/13 MP: 3/3
   153 | D:1      | Gained mutation: You are partially covered in sharp spines. [demonic ancestry]
   153 | D:1      | Reached XP level 2. HP: 10/19 MP: 0/5
   278 | D:1      | Learned a level 2 spell: Throw Frost
   569 | D:1      | Reached skill level 3 in Ice Magic
   931 | D:1      | Killed from afar by a dart slug

Vault maps used:
D:1:      dpeg_arrival_three_same_balls

Skill      XL: |  1  2 |
---------------+-------+-----
Dodging        | 2 |  2.3
Ice Magic      | 3 |  3.0
Stealth        | |  1.7
Spellcasting   | |  2.4
Conjurations   | |  1.0

Action                   || total
-------------------------++-------
Melee: Dagger            ||    17
 Cast: Freeze            ||    28
       Throw Frost       ||     5
  Eat: Chunk             ||     1
Armor: Robe              ||    12
Dodge: Dodged            ||    20

Table legend:
 A = Spawn XP
 B = Non-spawn XP
 C = Spawn XP percentage of total XP
 D = Spawn monster count
 E = Non-spawn monster count
 F = Spawn count percentage of total count
 G = Total turns spent on level
                    A         B        C        D         E        F      G
               +---------+---------+-------+---------+---------+-------+---------
         Total |       0 |      37 |   0.0 |       0 |      19 |   0.0 |   931
               +---------+---------+-------+---------+---------+-------+---------
           D:1 |       0 |      37 |   0.0 |       0 |      19 |   0.0 |   931
               +---------+---------+-------+---------+---------+-------+---------
